 Dungeon Crawl Stone Soup version 0.31-a0-851-g7ff8af7976 (webtiles) character file.

Game seed: 8386836306825931352

59 gelatine the Chopper (level 3, 0/28 HPs)
             Began as a Demonspawn Gladiator on Oct 8, 2023.
             Killed by divine providence
             ... invoked by an orc priest
              (11 damage)
             ... on level 3 of the Dungeon.
             The game lasted 00:02:23 (1683 turns).

gelatine the Chopper (Demonspawn Gladiator)         Turns: 1683, Time: 00:02:24

Health: 0/28       AC:  5    Str: 16    XL:     3   Next: 78%
Magic:  3/3        EV: 12    Int:  9    God:
Gold:   82         SH:  0    Dex: 14    Spells: 2/2 levels left

rFire   . . .        a - +0 war axe
rCold   . . .        (no shield)
rNeg    . . .        b - +0 leather armour
rPois   .            c - +0 helmet
rElec   .            (no cloak)
rCorr   .            (no gloves)
SInv    .            (no boots)
Will    .....        (no amulet)
Stlth   +            f - ring of ice
HPRegen 0.24/turn    l - ring of fire
MPRegen 0.08/turn

%: no passive effects
@: no status effects
A: hooves 1, rugged brown scales 1
a: no special abilities


You were on level 3 of the Dungeon.
You visited 1 branch of the dungeon, and saw 3 of its levels.

You collected 82 gold pieces.

Inventory:

Hand Weapons
 a - a +0 war axe (weapon)
Missiles
 d - 3 throwing nets (quivered)
 e - a javelin
Armour
 b - a +0 leather armour (worn)
 c - a +0 helmet (worn)
Jewellery
 f - a ring of ice (left hand)
 l - a ring of fire (right hand)
Scrolls
 g - a scroll of acquirement {unknown}
 i - a scroll of blinking {unknown}
 k - a scroll of teleportation {unknown}
 m - 3 scrolls of identify {unknown}
Potions
 h - a potion of cancellation {unknown}
 j - a potion of mutation {unknown}


   Skills:
 + Level 2.4 Fighting
 + Level 3.3 Axes
 + Level 2.1 Throwing
 + Level 1.0 Armour
 + Level 3.1 Dodging


You had 2 spell levels left.
You didn't know any spells.
Your spell library contained the following spells:

 Spells                   Type           Power      Damage    Failure   Level
 Foxfire                  Conj/Fire      0%         2x1d4     45%         1
 Blink                    Tloc           0%         N/A       58%         2
 Lesser Beckoning         Tloc           0%         N/A       58%         2
 Momentum Strike          Conj/Tloc      0%         3d8       58%         2
 Static Discharge         Conj/Air       0%         2-2/arc   58%         2
 Airstrike                Air            0%         2d(0-16)  99%         4
 Summon Lightning Spire   Summ/Air       0%         N/A       99%         4
 Plasma Beam              Fire/Air       0%         2x1d10    100%        6
 Starburst                Conj/Fire      0%         6d3       100%        6


Dungeon Overview and Level Annotations

Branches:
Dungeon (3/15)

Altars:
Fedhas


Innate Abilities, Weirdness & Mutations

You have large cloven feet.
You are partially covered in rugged brown scales. (AC +1, +3% HP)


Message History

The goblin hits you but does no damage.
You slash the goblin!
You kill the goblin!
Things that are here:
a +0 club; a goblin corpse HP restored.
You see here a +0 club.
You open the door.
There is an open door here.
An orc priest and 3 orcs come into view.
The orc shouts!
The orc priest shouts!
The orc shouts!
You barely miss the orc. You kick the orc.
The orc is moderately wounded.
The orc misses you. The orc hits you with a +0 club.
You slash the orc!
You kill the orc!
You slash the orc!
You kill the orc!
The orc barely misses you.
Items here: )) ††.
You barely miss the orc. The orc hits you with a +0 mace.
The orc hits you but does no damage.
You slash the orc!
You kill the orc!
Your Armour skill increases to level 1!
You hit the orc priest.
The orc priest is lightly wounded.
The orc priest hits you with a +0 mace.
You hit the orc priest. Your kick misses the orc priest.
The orc priest is lightly wounded.
The orc priest invokes the aid of Beogh against you.
Beogh smites you! The orc priest hits you with a +0 mace.
You hit the orc priest.
The orc priest is moderately wounded.
The orc priest hits you but does no damage.
You slash the orc priest!
The orc priest is almost dead.
The orc priest calls down the wrath of Beogh upon you.
Beogh smites you!
You die...

### ..#.# #.#.#
#.#.# #.#.#
#.#.###.#
#o#...#.#
#.####@#...#.#
#...........#.#
#######.##.##.####
#...........
#.......####
#..#.......#
#..###.....#
#..###'#######
#.............


You could see an orc priest.

Vanquished Creatures
  2 adders (D:2)
  2 dart slugs (D:1)
  3 orcs (D:3)
  2 ball pythons (D:1)
  5 endoplasms
  2 giant cockroaches
  3 goblins
  A hobgoblin (D:1)
  2 quokkas
  3 bats (D:2)
  2 frilled lizards
  3 kobolds
  2 rats
32 creatures vanquished.

Notes
Turn   | Place    | Note
-------+----------+-------------------------------------------
     0 | D:1      | gelatine the Demonspawn Gladiator began the quest for the
                  | Orb.
     0 | D:1      | Reached XP level 1. HP: 16/16 MP: 1/1
   256 | D:1      | Found a faded altar of an unknown god.
   291 | D:1      | Gained mutation: You have large cloven feet. [demonic
                  | ancestry]
   291 | D:1      | Reached XP level 2. HP: 20/22 MP: 2/2
   931 | D:2      | Gained mutation: You are partially covered in rugged brown
                  | scales. (AC +1, +3% HP) [demonic ancestry]
   931 | D:2      | Reached XP level 3. HP: 21/27 MP: 3/3
   962 | D:2      | Found a blossoming altar of Fedhas.
  1680 | D:3      | Reached skill level 1 in Armour
  1683 | D:3      | Killed from afar by an orc priest

Illustrated notes

Levels and vault maps discovered:
D:1:      tarquinn_simple_flora_water_f, layout_loops_ring,
          dreamdust_ecumenical_altar_hidden_monk_grotto
D:2:      layout_basic, basic_altar
D:3:      layout_basic, uniq_terence, uniq_sigmund

Skill      XL: |  1  2  3 |
---------------+----------+-----
Throwing       | 2 |  2.1
Dodging        | 3 |  3.1
Axes           | 3 |  3.3
Armour         | 1 |  1.0
Fighting       | |  2.4

Action                     || total
---------------------------++-------
  Melee: War axe           ||    88
         Kick              ||    16
   Stab: Sleeping          ||     1
 Armour: Leather armour    ||    56
  Dodge: Dodged            ||    60

Table legend: (Time is in decaauts)
 A = Elapsed time spent in this place.
 B = Non-inter-level travel time spent in this place.
 C = Inter-level travel time spent in this place.
 D = Time resting spent in this place.
 E = Time spent auto-exploring this place.
 F = Levels seen in this place.
 G = Mean time per level.
                   A        B        C        D        E       F      G
               +--------+--------+--------+--------+--------+-----+--------+
         Total |   1712 |   1656 |     56 |      0 |   1363 |   3 |  570.7 |
       Dungeon |   1712 |   1656 |     56 |      0 |   1363 |   3 |  570.7 |
               +--------+--------+--------+--------+--------+-----+--------+

Top non-repeatable levels by time:
     D:1: 863 daAuts
     D:2: 792 daAuts
     D:3: 56 daAuts
